cohdb
Replays
Latest Replays
All Replays
Popular Replays
Top Player Replays
Match Explorer
How It Works
Community
CoH3 Stats
Reddit
Sign in to upload your games and track your stats! →
Sign in with Steam
Match 31267010
Unlisted
Match 31267010
Overview
Messages
Build Orders
End
Panzerpioneer Squad
Selects Italian Combined Arms Battlegroup
Selects Bersaglieri Squad
Bersaglieri Squad
Bersaglieri Squad
Construct Light Support Kompanie
Bersaglieri Squad
2.5-tonne Medical Truck
Selects Bersaglieri Bolster
Panzerjäger Squad
Selects Breda Model 30 Light Machine Guns
Construct Mechanized Kompanie
Selects Semovente da 75/18 Assault Gun
Semovente da 75/18 Assault Gun
geitje1
就是瞎掰
Nukepapa
Brexit Geezer
0
0
Comments
sign in to comment!
No comments posted yet!